 Dungeon Crawl Stone Soup version 0.31-a0-234-gad7ace16ef (webtiles) character file.

Game seed: 9716618639253470656

7392 qw the Skirmisher (level 10, -2/91 HPs)
             Began as a Minotaur Hexslinger on July 9, 2023.
             Was an Elder of Okawaru.
             Slain by a yak (4 damage)
             ... on level 1 of the Lair of Beasts.
             The game lasted 00:03:25 (8172 turns).

qw the Skirmisher (Minotaur Hexslinger)             Turns: 8172, Time: 00:03:26

Health: -2/91      AC:  9    Str: 13    XL:     10   Next: 92%
Magic:  23/24      EV: 16    Int: 10    God:    Okawaru [****..]
Gold:   380        SH:  0    Dex: 17    Spells: 10/11 levels left

rFire   . . .        Y - +0 longbow
rCold   . . .        (shield currently unavailable)
rNeg    . . .        f - +0 ring mail
rPois   .            (helmet restricted)
rElec   .            (no cloak)
rCorr   .            p - +0 pair of gloves
SInv    +            m - +0 pair of boots
Will    .....        c
                       - Hermit's Pendant {Faith Invo=14 Evo=0 MP+5}
Stlth   ++           d - ring of see invisible
HPRegen 0.35/turn    (no ring)
MPRegen 0.19/turn

%: faith
@: heroic
A: horns 2, retaliatory headbutt
a: Renounce Religion, Heroism, Finesse


You were on level 1 of the Lair of Beasts.
You worshipped Okawaru.
Okawaru was greatly pleased with you.
You visited 3 branches of the dungeon, and saw 11 of its levels.

You collected 556 gold pieces.
You spent 176 gold pieces at shops.


Innate Abilities, Weirdness & Mutations

You have a pair of horns on your head.
You reflexively headbutt those who attack you in melee.


   Skills:
 - Level 9.1(14.1) Fighting
 + Level 13.9(18.9) Ranged Weapons
 - Level 4.1(9.1) Armour
 - Level 6.4(11.4) Dodging
 - Level 1.0 Spellcasting
 - Level 2.0 Hexes
 + Level 4.4(14.0) Invocations


You had 10 spell levels left.
You knew the following spells:

 Your Spells              Type           Power      Damage    Failure   Level
a - Slow                  Hex            16%        N/A       28%         1

Your spell library contained the following spells:

 Spells                   Type           Power      Damage    Failure   Level
 Inner Flame              Hex/Fire       2%         N/A       77%         3
 Portal Projectile        Hex/Tloc       4%         N/A       77%         3
 Cause Fear               Hex            2%         N/A       95%         4

Inventory:

Hand Weapons
 Y - a +0 longbow (weapon)
Armour
 f - a +0 ring mail (worn)
 m - a +0 pair of boots (worn)
 p - a +0 pair of gloves (worn)
Jewellery
 a - an amulet of regeneration
 c - the Hermit's Pendant (around neck) {Faith Invo=14 Evo=0 MP+5}
   (You found it on level 7 of the Dungeon)

   [amulet of faith]

   Invo=14: It sets your Invocations skill to 14.
   Evo=0: It sets your Evocations skill to 0.
   It allows you to gain divine favour quickly.
   MP:        It affects your magic capacity (+5).
 d - a ring of see invisible (left hand)
 r - a ring of fire
Scrolls
 i - a scroll of identify
Potions
 b - 4 potions of curing
 e - a potion of might
 h - a potion of mutation
 j - a potion of resistance
 k - a potion of enlightenment {unknown}
 l - a potion of haste
 n - a potion of attraction {unknown}
 o - a potion of brilliance {unknown}

Dungeon Overview and Level Annotations

Branches:
Dungeon (8/15)             Temple (1/1) D:5            Lair (2/5) D:8
  Swamp: Lair:2-3    Shoals: Lair:2-3     Snake: Lair:2-3    Spider: Lair:2-3

Altars:
Ashenzari
Cheibriados
Dithmenos
Elyvilon
Fedhas
Gozag
Hepliaklqana
Kikubaaqudgha
Makhleb
Nemelex Xobeh
Okawaru
Qazlal
Ru
Sif Muna
Trog
Uskayaw
Vehumet
Wu Jian
Xom
Yredelemnul
Zin
The Shining One

Shops:
D:3 (=?

Portals:
Abyss: D:6

Annotations:
D:4 1 runed translucent door, qw's ghost, amateur MiHs
D:6 2 transporters, qw's ghost, novice MiHs


Message History

You shoot an arrow.
The arrow hits the yak but does no damage.
The yak is moderately wounded.
The yak gores you! The yak gores you. The yak closely misses you.
8162 ||| INVOKING Heroism.
You gain the combat prowess of a mighty hero.
The yak misses you. You furiously retaliate!
You headbutt the yak! The yak barely misses you. The yak gores you.
You shoot an arrow. The arrow hits the yak!
The yak is almost dead.
The yak completely misses you. The yak gores you! x2
You shoot an arrow. The arrow barely misses the yak.
You shoot an arrow. The arrow hits the yak!
You kill the yak!
Okawaru accepts your kill. The yak closely misses you. The yak gores you!
8166 ||| DRINKING potion of heal wounds.
You feel much better. The yak misses you. The yak barely misses you.
You shoot an arrow. The arrow hits the yak!!
The yak is heavily wounded.
The yak gores you! The yak completely misses you. You furiously retaliate!
You headbutt the yak! You shoot an arrow.
The arrow hits the yak but does no damage.
The yak is heavily wounded.
The yak completely misses you. You furiously retaliate!
You headbutt the yak. The yak gores you!
You shoot an arrow. The arrow hits the yak!
You kill the yak!
Okawaru accepts your kill. The yak gores you.
You shoot an arrow. The arrow hits the yak.
The yak is moderately wounded.
The yak gores you!
You shoot an arrow. The arrow barely misses the yak.
You shoot an arrow. The arrow hits the yak.
The yak is moderately wounded.
The yak gores you.
You die...

#.## ##..## ##.## ##..#.# ##.##
##...### ##.## #P..#.#
##.####..### ##..#..P# #
####P....## ### #### ###
###..###..P#####P###..########.##
.....(..........@................
.................Y...............
.................................
######.....P#.######.#####..#####
##..####### ### #### # #..##
##..# ###..## #....#


You could see a yak.

Vanquished Creatures
  A two-headed ogre (D:7)
  A boulder beetle (Lair:1)
  Pikel (D:5)
  A black mamba (Lair:1)
  A cane toad (Lair:1)
  A gargoyle (D:7)
  Sigmund (D:3)
  2 wyverns
  8 yaks
  A steam dragon (D:8)
  An acid dragon (D:8)
  4 water moccasins
  2 orc warriors (D:8)
  A black bear (D:6)
  An ice beast (D:7)
  An ogre (D:5)
  2 centaurs
  3 kobold brigands (D:6)
  Blork the orc (D:4)
  4 bullfrogs
  2 scorpions (D:6)
  3 wights (D:8)
  2 howler monkeys (D:4)
  6 jellies
  2 hounds
  6 orc priests
  2 iguanas (D:6)
  A gnoll bouda (D:7)
  10 orc wizards
  Terence (D:2)
  Natasha (D:2)
  11 gnolls
  11 adders
  A worm (D:4)
  5 dart slugs
  26 orcs
  6 endoplasms
  A giant cockroach (D:3)
  14 goblins
  9 hobgoblins
  5 jackals (D:1)
  4 quokkas
  9 ball pythons
  4 bats
  18 kobolds
  7 rats
  A spectral orc (D:5)
206 creatures vanquished.

Notes
Turn   | Place    | Note
-------+----------+-------------------------------------------
     0 | D:1      | qw the Minotaur Hexslinger began the quest for the Orb.
     0 | D:1      | Reached XP level 1. HP: 16/16 MP: 1/1
     0 | D:1      | 0 ||| qw: Version: 0.3-a-51-g015441d
     0 | D:1      | 0 ||| qw: Game counter: 4115
     0 | D:1      | 0 ||| qw: Melee chars always use a shield: true
     0 | D:1      | 0 ||| qw: God list: Okawaru
     0 | D:1      | 0 ||| qw: Allow faded altars: false
     0 | D:1      | 0 ||| qw: Do Orc after clearing Dungeon:15 true
     0 | D:1      | 0 ||| qw: Do second Lair branch before Depths: true
     0 | D:1      | 0 ||| qw: Lair rune preference: random
     0 | D:1      | 0 ||| qw: Goals: Normal
     0 | D:1      | 0 ||| PLANNING D:1-11
   160 | D:1      | Reached skill level 3 in Ranged Weapons
   161 | D:1      | Reached XP level 2. HP: 22/23 MP: 2/2
   560 | D:1      | Reached XP level 3. HP: 29/29 MP: 3/3
  1048 | D:1      | 1048 ||| UPGRADING to +0 ring mail.
  1058 | D:1      | 1058 ||| DROPPING +0 robe.
  1059 | D:1      | 1059 ||| READING scroll labelled HORGHO IDDIA.
  1060 | D:1      | 1060 ||| READING scroll labelled ZOEDEA KIROFRA.
  1061 | D:1      | 1061 ||| READING 3 scrolls labelled AGOOTHO WYRY.
  1062 | D:1      | 1062 ||| READING 2 scrolls of enchant weapon.
  1062 | D:1      | 1062 ||| ENCHANTING +2 sling of freezing.
  1063 | D:1      | 1063 ||| READING scroll of enchant weapon.
  1063 | D:1      | 1063 ||| ENCHANTING +3 sling of freezing.
  1064 | D:1      | 1064 ||| READING 3 scrolls labelled CIGYLE OCVOOT.
  1065 | D:1      | 1065 ||| DROPPING scroll of poison.
  1066 | D:1      | 1066 ||| DROPPING 2 scrolls of noise.
  1131 | D:2      | Reached skill level 4 in Ranged Weapons
  1165 | D:2      | Noticed Terence
  1179 | D:2      | Reached skill level 1 in Armour
  1180 | D:2      | HP: 7/29 [Terence/+0 trident (6)]
  1183 | D:2      | Killed Terence
  1184 | D:2      | Reached XP level 4. HP: 6/36 MP: 4/4
  1362 | D:2      | Found a shimmering altar of Xom.
  1513 | D:2      | Noticed Natasha
  1516 | D:2      | Killed Natasha
  1517 | D:2      | Reached skill level 5 in Ranged Weapons
  1517 | D:2      | Reached XP level 5. HP: 41/41 MP: 5/5
  1702 | D:2      | 1702 ||| SWAPPING to +0 longbow.
  1703 | D:2      | 1703 ||| DROPPING +4 sling of freezing.
  1835 | D:2      | 1835 ||| READING scroll labelled XENY WIDWILOI.
  1836 | D:2      | 1836 ||| READING scroll labelled XUACAF HILYRRO.
  1873 | D:3      | Reached skill level 3 in Fighting
  1902 | D:3      | Found Gauryon's Antique Weapon Boutique.
  1939 | D:3      | Noticed Sigmund
  1945 | D:3      | 1945 ||| FLEEEEING.
  1949 | D:3      | 1949 ||| FLEEEEING.
  1952 | D:3      | 1952 ||| STAIRDANCE
  1974 | D:2      | 1974 ||| UPGRADING to amulet of regeneration.
  1979 | D:2      | 1979 ||| DRINKING 2 fuming green potions.
  1985 | D:3      | 1985 ||| STAIRDANCE
  2000 | D:3      | 2000 ||| STAIRDANCE
  2011 | D:3      | 2011 ||| STAIRDANCE
  2017 | D:3      | 2017 ||| STAIRDANCE
  2019 | D:2      | 2019 ||| DRINKING potion of curing.
  2019 | D:2      | 2019 ||| (to cure confusion)
  2025 | D:3      | Killed Sigmund
  2026 | D:3      | Reached skill level 6 in Ranged Weapons
  2026 | D:3      | Reached XP level 6. HP: 42/51 MP: 6/6
  2111 | D:3      | Found Huathruf's Jewellery Shop.
  2119 | D:3      | 2119 ||| SHOPLISTING +4 ring of slaying (780 gold, have
                  | 181).
  2119 | D:3      | 2119 ||| SHOPLISTING +5 ring of evasion (360 gold, have
                  | 181).
  2119 | D:3      | 2119 ||| SHOPLISTING ring of fire (250 gold, have 181).
  2119 | D:3      | 2119 ||| SHOPLISTING ring of ice (250 gold, have 181).
  2119 | D:3      | 2119 ||| SHOPLISTING ring of positive energy (200 gold,
                  | have 181).
  2119 | D:3      | 2119 ||| SHOPLISTING ring of protection from cold (250
                  | gold, have 181).
  2119 | D:3      | 2119 ||| BUYING ring of see invisible (150 gold).
  2119 | D:3      | Bought a ring of see invisible for 150 gold pieces
  2137 | D:3      | Found Gustry Siece's Magic Scroll Emporium.
  2150 | D:3      | 2150 ||| BUYING scroll of identify (26 gold).
  2150 | D:3      | Bought a scroll of identify for 26 gold pieces
  2150 | D:3      | 2150 ||| SHOPLISTING scroll of teleportation (39 gold, have
                  | 5).
  2352 | D:3      | 2352 ||| UPGRADING to ring of see invisible.
  2353 | D:3      | 2353 ||| READING 2 scrolls labelled GEITIPT ACESUE.
  2354 | D:3      | 2354 ||| DRINKING 2 black potions.
  2355 | D:3      | 2355 ||| DROPPING scroll of amnesia.
  2386 | D:4      | 2386 ||| Stepping ~*~*~tactically~*~*~ (outnumbered).
  2468 | D:4      | Reached skill level 7 in Ranged Weapons
  2533 | D:4      | Noticed Blork the orc
  2535 | D:4      | Reached XP level 7. HP: 60/60 MP: 7/7
  2543 | D:4      | Killed Blork the orc
  2575 | D:4      | Found a runed translucent door.
  2582 | D:4      | Noticed qw's ghost (amateur MiHs)
  2965 | D:4      | Reached skill level 8 in Ranged Weapons
  3167 | D:4      | 3167 ||| UPGRADING to +0 pair of boots.
  3172 | D:4      | 3172 ||| READING scroll labelled ROGINUL KIRPHAI.
  3198 | D:4      | 3198 ||| DRINKING 2 golden potions.
  3220 | D:5      | Entered Level 5 of the Dungeon
  3257 | D:5      | Found a staircase to the Ecumenical Temple.
  3258 | D:5      | 3258 ||| PLANNING TEMPLE
  3263 | Temple   | Entered the Ecumenical Temple
  3264 | Temple   | 3264 ||| PLANNING OKAWARU WORSHIP
  3456 | Temple   | Became a worshipper of Warmaster Okawaru
  3457 | Temple   | 3457 ||| PLANNING D:1-11
  3760 | D:5      | Noticed Pikel
  3767 | D:5      | Killed Pikel
  3767 | D:5      | Reached * piety under Okawaru
  3768 | D:5      | Reached skill level 10 in Ranged Weapons
  3768 | D:5      | Reached XP level 8. HP: 68/68 MP: 8/8
  3776 | D:5      | Reached skill level 1 in Invocations
  3831 | D:5      | Found an ornate altar of the Wu Jian Council.
  3959 | D:5      | 3959 ||| INVOKING Heroism.
  3965 | D:5      | Reached skill level 3 in Dodging
  4035 | D:5      | Found a basalt altar of Yredelemnul.
  4096 | D:5      | 4096 ||| READING scroll labelled YGAATE FAKUMOA.
  4227 | D:6      | 4227 ||| INVOKING Heroism.
  4260 | D:6      | Found a one-way gate to the infinite horrors of the Abyss.
  4260 | D:6      | Noticed qw's ghost (novice MiHs)
  4272 | D:6      | Found a transporter.
  4314 | D:6      | Found a transporter.
  4381 | D:6      | 4381 ||| INVOKING Heroism.
  4387 | D:6      | Reached skill level 6 in Fighting
  4418 | D:6      | Reached skill level 3 in Invocations
  4514 | D:6      | 4514 ||| INVOKING Heroism.
  4524 | D:6      | Reached XP level 9. HP: 67/78 MP: 8/10
  4968 | D:6      | 4968 ||| UPGRADING to +0 pair of gloves.
  4973 | D:6      | 4973 ||| DRINKING 2 fizzy brown potions.
  4997 | D:6      | 4997 ||| READING 2 scrolls of identify.
  4997 | D:6      | 4997 ||| IDENTIFYING white potion
  4998 | D:6      | 4998 ||| DROPPING potion of berserk rage.
  4999 | D:6      | 4999 ||| DROPPING potion of lignification.
  5052 | D:7      | 5052 ||| Stepping ~*~*~tactically~*~*~ (outnumbered).
  5054 | D:7      | 5054 ||| Stepping ~*~*~tactically~*~*~ (outnumbered).
  5055 | D:7      | 5055 ||| INVOKING Heroism.
  5068 | D:7      | Reached skill level 3 in Armour
  5087 | D:7      | Noticed a two-headed ogre
  5088 | D:7      | 5088 ||| INVOKING Heroism.
  5096 | D:7      | Killed a two-headed ogre
  5097 | D:7      | Reached skill level 6 in Dodging
  5102 | D:7      | 5102 ||| INVOKING Heroism.
  5208 | D:7      | Found the Hermit's Pendant {Faith Invo=14 Evo=0 MP+5}
  5223 | D:7      | Noticed a gargoyle
  5231 | D:7      | Killed a gargoyle
  5232 | D:7      | Reached skill level 11 in Ranged Weapons
  5237 | D:7      | Reached ** piety under Okawaru
  5244 | D:7      | 5244 ||| DRINKING 3 potions of curing.
  5244 | D:7      | 5244 ||| (to cure confusion)
  5255 | D:7      | 5255 ||| INVOKING Heroism.
  5295 | D:7      | Found an opulent altar of Gozag.
  5619 | D:7      | 5619 ||| UPGRADING to Hermit's Pendant {Faith Invo=14 Evo=0
                  | MP+5}.
  5725 | D:8      | 5725 ||| STAIRDANCE
  5770 | D:8      | 5770 ||| INVOKING Heroism.
  5786 | D:8      | Reached XP level 10. HP: 41/86 MP: 19/19
  5945 | D:8      | 5945 ||| INVOKING Heroism.
  5950 | D:8      | Reached skill level 12 in Ranged Weapons
  5952 | D:8      | 5952 ||| Stepping ~*~*~tactically~*~*~ (cloud).
  6086 | D:8      | 6086 ||| FLEEEEING.
  6087 | D:8      | 6087 ||| FLEEEEING.
  6090 | D:8      | 6090 ||| FLEEEEING.
  6091 | D:8      | 6091 ||| FLEEEEING.
  6092 | D:8      | 6092 ||| FLEEEEING.
  6093 | D:8      | 6093 ||| FLEEEEING.
  6094 | D:8      | 6094 ||| FLEEEEING.
  6095 | D:8      | 6095 ||| FLEEEEING.
  6168 | D:8      | Found a glowing silver altar of Zin.
  6210 | D:8      | 6210 ||| Stepping ~*~*~tactically~*~*~ (outnumbered).
  6212 | D:8      | 6212 ||| Stepping ~*~*~tactically~*~*~ (outnumbered).
  6216 | D:8      | 6216 ||| INVOKING Heroism.
  6217 | D:8      | 6217 ||| Stepping ~*~*~tactically~*~*~ (outnumbered).
  6219 | D:8      | 6219 ||| Stepping ~*~*~tactically~*~*~ (outnumbered).
  6415 | D:8      | Found a staircase to the Lair.
  6436 | D:8      | 6436 ||| FLEEEEING.
  6437 | D:8      | 6437 ||| FLEEEEING.
  6438 | D:8      | 6438 ||| FLEEEEING.
  6443 | D:8      | 6443 ||| FLEEEEING.
  6444 | D:8      | 6444 ||| FLEEEEING.
  6445 | D:8      | 6445 ||| FLEEEEING.
  6446 | D:8      | 6446 ||| FLEEEEING.
  6447 | D:8      | 6447 ||| FLEEEEING.
  6448 | D:8      | 6448 ||| FLEEEEING.
  6449 | D:8      | 6449 ||| FLEEEEING.
  6450 | D:8      | 6450 ||| FLEEEEING.
  6451 | D:8      | 6451 ||| FLEEEEING.
  6456 | D:8      | 6456 ||| FLEEEEING.
  6457 | D:8      | 6457 ||| FLEEEEING.
  6458 | D:8      | 6458 ||| FLEEEEING.
  6470 | D:8      | 6470 ||| FLEEEEING.
  6482 | D:8      | 6482 ||| INVOKING Heroism.
  6725 | D:8      | 6725 ||| INVOKING Heroism.
  6877 | D:8      | 6877 ||| PLANNING LAIR
  6877 | D:8      | 6877 ||| DRINKING 2 green potions.
  6922 | Lair:1   | Entered Level 1 of the Lair of Beasts
  6928 | Lair:1   | 6928 ||| STAIRDANCE
  7126 | Lair:1   | Noticed a cane toad
  7127 | Lair:1   | 7127 ||| INVOKING Heroism.
  7136 | Lair:1   | Killed a cane toad
  7138 | Lair:1   | Reached *** piety under Okawaru
  7291 | Lair:1   | Noticed a black mamba
  7292 | Lair:1   | 7292 ||| INVOKING Heroism.
  7301 | Lair:1   | Killed a black mamba
  7444 | Lair:1   | Reached skill level 13 in Ranged Weapons
  7555 | Lair:1   | 7555 ||| INVOKING Heroism.
  7564 | Lair:1   | HP: 9/90 [yak (14)]
  7565 | Lair:1   | 7565 ||| READING scroll of teleportation.
  7565 | Lair:1   | HP: 1/90 [yak (9)]
  7566 | Lair:1   | 7566 ||| DRINKING 2 potions of heal wounds.
  7568 | Lair:1   | Reached skill level 9 in Fighting
  7571 | Lair:1   | 7571 ||| FLEEEEING.
  7572 | Lair:1   | 7572 ||| FLEEEEING.
  7574 | Lair:1   | 7574 ||| FLEEEEING.
  7575 | Lair:1   | 7575 ||| FLEEEEING.
  7576 | Lair:1   | 7576 ||| FLEEEEING.
  7577 | Lair:1   | 7577 ||| FLEEEEING.
  7578 | Lair:1   | 7578 ||| FLEEEEING.
  7579 | Lair:1   | 7579 ||| FLEEEEING.
  7580 | Lair:1   | 7580 ||| FLEEEEING.
  7581 | Lair:1   | 7581 ||| FLEEEEING.
  7582 | Lair:1   | 7582 ||| FLEEEEING.
  7583 | Lair:1   | 7583 ||| FLEEEEING.
  7584 | Lair:1   | 7584 ||| FLEEEEING.
  7585 | Lair:1   | 7585 ||| FLEEEEING.
  7586 | Lair:1   | 7586 ||| FLEEEEING.
  7588 | Lair:1   | 7588 ||| FLEEEEING.
  7589 | Lair:1   | 7589 ||| FLEEEEING.
  7590 | Lair:1   | 7590 ||| FLEEEEING.
  7591 | Lair:1   | 7591 ||| FLEEEEING.
  7592 | Lair:1   | 7592 ||| FLEEEEING.
  7593 | Lair:1   | 7593 ||| FLEEEEING.
  7594 | Lair:1   | 7594 ||| FLEEEEING.
  7595 | Lair:1   | 7595 ||| FLEEEEING.
  7596 | Lair:1   | 7596 ||| FLEEEEING.
  7597 | Lair:1   | 7597 ||| FLEEEEING.
  7598 | Lair:1   | 7598 ||| FLEEEEING.
  7599 | Lair:1   | 7599 ||| FLEEEEING.
  7600 | Lair:1   | 7600 ||| FLEEEEING.
  7601 | Lair:1   | 7601 ||| FLEEEEING.
  7602 | Lair:1   | 7602 ||| FLEEEEING.
  7603 | Lair:1   | 7603 ||| FLEEEEING.
  7604 | Lair:1   | 7604 ||| FLEEEEING.
  7605 | Lair:1   | 7605 ||| FLEEEEING.
  7606 | Lair:1   | 7606 ||| FLEEEEING.
  7607 | Lair:1   | 7607 ||| FLEEEEING.
  7608 | Lair:1   | 7608 ||| FLEEEEING.
  7609 | Lair:1   | 7609 ||| STAIRDANCE
  7753 | D:8      | 7753 ||| READING scroll labelled ZAOCUA YFICZIUME.
  7854 | D:8      | 7854 ||| READING 2 scrolls of identify.
  7854 | D:8      | 7854 ||| IDENTIFYING bubbling purple potion
  8067 | Lair:1   | Noticed a boulder beetle
  8068 | Lair:1   | 8068 ||| INVOKING Heroism.
  8096 | Lair:1   | Killed a boulder beetle
  8096 | Lair:1   | Reached **** piety under Okawaru
  8159 | Lair:2   | 8159 ||| STAIRDANCE
  8162 | Lair:1   | 8162 ||| INVOKING Heroism.
  8165 | Lair:1   | HP: 21/91 [yak (12)]
  8166 | Lair:1   | 8166 ||| DRINKING potion of heal wounds.
  8170 | Lair:1   | HP: 2/91 [yak (13)]
  8172 | Lair:1   | Slain by a yak

Levels and vault maps discovered:
D:1:      nicolae_arrival_washed_ashore, layout_loops_corners
D:2:      cheibrodos_greedy_goblins, layout_loops_cross, basic_altar,
          uniq_natasha, uniq_terence
D:3:      layout_rooms, serial_shops, shop_fountains, shop, shop,
          dreamdust_princess_corridor, uniq_sigmund
D:4:      layout_loops_ring, ebering_ghost_sewer_d, uniq_blork_the_orc
D:5:      layout_gridville, yredelemnul_forgotten_temple_becter,
          lemuel_round_altar, minmay_temple_entry_waves, uniq_pikel
D:6:      layout_loops_ring, gammafunk_ghost_abyssal_escape
D:7:      layout_basic, mainiacjoe_overflow_catwalk
D:8:      layout_basic, mainiacjoe_overflow_boulevard, lair_entry_dummy
Temple:   eino_narrow_crystal_temple
Lair:1:   layout_hall_layers
Lair:2:   layout_regular_city, minmay_shoals_entry_hut,
          minmay_snake_entry_six_corridors, uniq_urug

Skill      XL: |  1  2  3  4  5  6  7  8  9 10 |
---------------+-------------------------------+-----
Ranged Weapons | 3 4 5 6 7 10 11 13 | 13.9
Fighting       | 2 3 4 5 6 7 9 |  9.1
Armour         | 1 2 3 4 |  4.1
Invocations    | 3 4 |  4.4
Dodging        | 3 6 |  6.4
Spellcasting   | |  1.0
Hexes          | |  2.0

Action                     |  1- 3 |  4- 6 |  7- 9 | 10-12 || total
---------------------------+-------+-------+-------+-------++-------
   Fire: Sling             |   114 |    24 |       |       ||   138
         Longbow           |       |    91 |   283 |   164 ||   538
 Invoke: Heroism           |       |       |     9 |     9 ||    18
    Use: Scroll            |     6 |     3 |     3 |     3 ||    15
         Potion            |       |     3 |     3 |     3 ||     9
 Armour: Robe              |     2 |       |       |       ||     2
         Ring mail         |     8 |     4 |    35 |    18 ||    65
  Dodge: Dodged            |    36 |    22 |   105 |    65 ||   228

Table legend:
 A = Non-vault XP
 B = Vault XP
 C = Vault XP percentage of total XP
 D = Non-vault monster count
 E = Vault monster count
 F = Vault count percentage of total count
                 A         B        C        D         E       F
            +---------+---------+-------+---------+---------+-------
      Total |    9511 |    1050 |   9.9 |     190 |      16 |   7.8
            +---------+---------+-------+---------+---------+-------
        D:1 |      46 |       0 |   0.0 |      25 |       0 |   0.0
        D:2 |      83 |      90 |  52.0 |      19 |      12 |  38.7
        D:3 |      78 |     239 |  75.4 |      13 |       1 |   7.1
        D:4 |     360 |      91 |  20.2 |      30 |       1 |   3.2
        D:5 |     476 |     630 |  57.0 |      16 |       2 |  11.1
        D:6 |    1005 |       0 |   0.0 |      26 |       0 |   0.0
        D:7 |    1979 |       0 |   0.0 |      21 |       0 |   0.0
        D:8 |    1666 |       0 |   0.0 |      26 |       0 |   0.0
     Lair:1 |    3622 |       0 |   0.0 |      13 |       0 |   0.0
     Lair:2 |     196 |       0 |   0.0 |       1 |       0 |   0.0
            +---------+---------+-------+---------+---------+-------
